cohdb
Replays
Latest Replays
All Replays
Popular Replays
Top Player Replays
Match Explorer
How It Works
Community
CoH3 Stats
Reddit
Sign in to upload your games and track your stats! →
Sign in with Steam
Match 43683050
Unlisted
Match 43683050
Overview
Messages
Build Orders
End
Royal Engineer Section
Construct Section Command Post
Selects Canadian Shock Battlegroup
Infantry Section
Dingo Light Scout Car
Infantry Section
Infantry Section
Construct Field Infirmary
Selects Attacking Spirit
Construct Platoon Command Post
Grenade Package
Selects Canadian Shock Section
CMP 15cwt Truck
ML 3-inch Mortar Team
Vickers Machine Gun Team
CMP 15cwt Truck
Selects Incendiary Munitions
Selects Pyrotechnics
6-pounder Anti-tank Gun Team
Canadian Shock Section
Construct Company Command Post
Crusader II Medium Tank
Crusader II Medium Tank
Selects Churchill Crocodile Heavy Tank
Royal Engineer Section
Crusader II Medium Tank
Crusader II Medium Tank
Honor: Taylor 'Lover'
STEVEBUSMILK
0
0
Comments
sign in to comment!
No comments posted yet!